AoeStats
← Carpii

Nomad

510152994Analyzed
4v4 RM · 3d ago on Sep 29, 2026· 36m 2s· 8 players
Game mode
Random Map
Map size
231×231
Population
200
Speed
Normal
Resources
Standard
Victory
Conquest
Starting age
Dark Age
Ending age
Imperial Age
RankedLock teamsTeams togetherTeam positionsShared explorationLock speedFull tech treeHidden civsTurbo modeCheats
Victory
Defeat
🇦🇹 Berbers · Austria
1461
+13
🇦🇹 Sicilians · Austria
1425
+14
🇫🇷 Persians · France
1408
+14
🇦🇹 Portuguese · Austria
1369
+15
🇩🇪 Bulgarians · Germany
1403
-15
🇩🇪 Burgundians · Germany
1381
-14
🇩🇪 Bohemians · Germany
1378
-14
🇦🇹 Vietnamese · Austria
1358
-13
chinsa_yama
7:22 Loom
13:53 Feudal Age
18:48 Castle Age
17:13 Double-Bit Axe
17:12 Horse Collar
18:52 Scale Barding Armor
19:34 Forging
22:04 Bloodlines
23:08 Husbandry
27:56 Fletching
30:56 Chain Barding Armor
Mike Hawks Krusty
3:35 Loom
13:44 Feudal Age
17:58 Castle Age
16:10 Town Watch
18:07 Fletching
19:16 Bodkin Arrow
20:05 Scale Mail Armor
20:50 Gold Mining
21:14 Double-Bit Axe
23:53 Chain Mail Armor
24:49 Horse Collar
29:02 Forging
32:37 Gold Shaft Mining
33:00 Iron Casting
37:01 Imperial Age
34:49 Squires
34:34 Arson
35:32 Pikeman
37:03 Wheelbarrow
Mike Hawks Harry
5:21 Loom
13:55 Feudal Age
14:37 Town Watch
18:21 Castle Age
16:23 Double-Bit Axe
16:46 Fishing Lines
19:15 Bow Saw
20:04 Wheelbarrow
21:04 Gillnets
23:17 Hand Cart
24:45 Horse Collar
28:32 Gold Mining
31:09 Fletching
31:49 Bodkin Arrow
36:57 Imperial Age
34:43 Scale Barding Armor
34:49 Forging
Mike Hawks Veiny
8:38 Loom
12:32 Feudal Age
14:11 Loom
16:47 Castle Age
16:05 Stone Mining
16:07 Double-Bit Axe
18:11 Fletching
21:02 Bodkin Arrow
22:14 Medium Warships
28:00 Fishing Lines
29:44 Padded Archer Armor
35:01 Imperial Age
34:30 Leather Archer Armor
34:32 Scale Barding Armor
34:34 Kasbah
34:46 Forging
36:11 Wheelbarrow
35:45 Bracer
36:45 Bow Saw
36:16 Horse Collar
37:00 Chain Barding Armor
37:16 Iron Casting
hafnfp13
13:12 Feudal Age
22:35 Castle Age
23:32 Loom
24:30 Double-Bit Axe
34:43 Gold Mining
Spätzlepfanne
4:49 Loom
13:32 Feudal Age
17:37 Castle Age
15:51 Double-Bit Axe
16:39 Horse Collar
18:32 Bow Saw
26:18 Fletching
32:26 Bodkin Arrow
34:49 Ballistics
35:40 Bloodlines
35:33 Husbandry
36:08 Padded Archer Armor
37:02 Wheelbarrow
36:13 Town Watch
Carpii
15:45 Feudal Age
17:37 Double-Bit Axe
17:54 Loom
20:30 Castle Age
24:01 Bow Saw
24:21 Husbandry
27:02 Horse Collar
27:43 Scale Barding Armor
29:52 Gold Mining
31:05 Chain Barding Armor
30:56 Forging
33:24 Iron Casting
DesFroschi
4:29 Loom
14:19 Feudal Age
18:22 Castle Age
16:52 Double-Bit Axe
20:34 Bow Saw
21:13 Horse Collar
22:21 Wheelbarrow
24:12 Wheelbarrow
30:25 Pikeman
34:58 Forging
34:48 Scale Mail Armor
35:36 Squires
35:21 Arson
Connection lost

Rejoining the realm…

Still unreachable

The connection could not be restored.

Session expired

The server has moved on; the page needs a fresh start.